 Dungeon Crawl Stone Soup version 0.21-a0-496-g696f58f (webtiles) character file.

66 Spazmo the Conjurer (level 3, 0/19 HPs)
             Began as a Deep Elf Conjurer on Nov 24, 2017.
             Slain by dolapius's ghost (1 damage)
             ... on level 3 of the Dungeon.
             The game lasted 00:06:21 (1737 turns).

Spazmo the Conjurer (Deep Elf Conjurer)             Turns: 1737, Time: 00:06:21

Health: 0/19       AC:  2    Str:  5    XL:     3   Next: 96%
Magic:  0/10       EV: 13    Int: 20    God:
Gold:   106        SH:  0    Dex: 15    Spells: 7/10 levels left

rFire    . . .     SeeInvis .   f - +1 dagger
rCold    . . .     Gourm    .   (no shield)
rNeg     . . .     Faith    .   a - +0 robe
rPois    .         Spirit   .   (no helmet)
rElec    .         Reflect  .   (no cloak)
rCorr    .         Harm     .   (no gloves)
MR       .....                  (no boots)
Stlth    ++........             (no amulet)
HPRegen  0.06/turn              (no ring)
MPRegen  0.12/turn              (no ring)

@: very slightly contaminated
A: no striking features
a: no special abilities


You were on level 3 of the Dungeon.
You were not hungry.

You visited 1 branch of the dungeon, and saw 4 of its levels.

You collected 106 gold pieces.

Inventory:

Hand Weapons
 f - a +1 dagger (weapon)
Missiles
 d - 50 stones (quivered)
Armour
 a - a +0 robe (worn)
Jewellery
 o - an uncursed amulet of regeneration {unknown}
Scrolls
 m - a scroll of immolation {unknown}
 n - 3 scrolls of enchant weapon
Potions
 e - a potion of agility {unknown}
 h - a potion of curing
 i - a potion of mutation {unknown}
 k - a potion of brilliance
 l - 2 potions of haste
 p - a potion of cancellation {unknown}
Books
 b - a book of Conjurations

   Spells                             Type                      Level
   a - Magic Dart                     Conjuration                  1
   b - Searing Ray                    Conjuration                  2
   c - Dazzling Spray                 Conjuration/Hexes            3
   d - Fulminant Prism                Conjuration/Hexes            4
   e - Force Lance                    Conjuration/Translocation    4
   f - Iskenderun's Mystic Blast      Conjuration                  4
Comestibles
 c - a bread ration
 g - 2 meat rations
 q - a chunk of flesh


   Skills:
 - Level 3.0 Dodging
 - Level 3.0 Stealth
 + Level 4.2 Spellcasting
 + Level 5.1 Conjurations


You had 7 spell levels left.
You knew the following spells:

 Your Spells              Type           Power        Failure   Level  Hunger
a - Magic Dart            Conj           ###.         1%          1    None
b - Searing Ray           Conj           ###...       2%          2    #......


Dungeon Overview and Level Annotations

Branches:
Dungeon (4/15)
 Temple: D:4-7

Altars:
Ashenzari
Cheibriados
Dithmenos
Qazlal
Uskayaw
Wu Jian
Zin

Annotations:
D:3 dolapius's ghost, amateur TrCK


Message History

The magic dart hits dolapius's ghost.
Dolapius's ghost is heavily damaged.
Casting: Magic Dart
Confirm with . or Enter, or press ? or * to list all spells.
Aiming: Magic Dart
Press: ? - help, Shift-Dir - straight line, f - orc, p - dolapius's ghost
Aim: an orc, wielding a club and wearing a leather armour (resting)
The magic dart hits the orc.
The orc is heavily wounded.
The orc hits you but does no damage. Dolapius's ghost hits you.
* * * LOW HITPOINT WARNING * * *
Casting: Magic Dart
Confirm with . or Enter, or press ? or * to list all spells.
Aiming: Magic Dart
Press: ? - help, Shift-Dir - straight line, f/p - orc
Aim: an orc, wielding a club and wearing a leather armour (heavily wounded)
The magic dart hits the orc.
The orc is severely wounded.
The orc closely misses you. Dolapius's ghost hits you.
You die...

##############
#............#################
.#.#########..........<......#
###.## #..##############.####
# ##.####
#..#############...... ##...#
#..#.@o...........#### #
##.##(# #..#W############.# #
###.###.####..#.# #.####
.#............#.# #.....
#.##.......####.# ######
##########.####.# #
#...#.....########## #
####.####..........# #
♣♣#####.......#######.# #


You could see dolapius's ghost and an orc.

Vanquished Creatures
  2 adders (D:2)
  A dart slug (D:1)
  4 orcs
  7 bats
  3 giant cockroaches
  6 hobgoblins
  A frilled lizard (D:1)
  8 goblins
  A kobold (D:1)
  12 rats
45 creatures vanquished.

Notes
Turn   | Place    | Note
-------+----------+-------------------------------------------
     0 | D:1      | Spazmo the Deep Elf Conjurer began the quest for the Orb.
     0 | D:1      | Reached XP level 1. HP: 10/10 MP: 6/6
   188 | D:1      | Reached XP level 2. HP: 15/15 MP: 4/8
   192 | D:1      | Learned a level 2 spell: Searing Ray
   814 | D:2      | Reached XP level 3. HP: 16/19 MP: 5/10
   902 | D:2      | Found a shadowy altar of Dithmenos.
   978 | D:2      | Found an ornate altar of the Wu Jian Council.
   978 | D:2      | Found a shattered altar of Ashenzari.
   979 | D:2      | Found a glowing silver altar of Zin.
  1006 | D:2      | You fall through a shaft for 2 floors!
  1080 | D:3      | Found a stormy altar of Qazlal.
  1268 | D:2      | Reached skill level 5 in Conjurations
  1595 | D:3      | Found a hide-covered altar of Uskayaw.
  1595 | D:3      | Noticed dolapius's ghost (amateur TrCK)
  1684 | D:3      | Found a snail-covered altar of Cheibriados.
  1687 | D:3      | Found a shadowy altar of Dithmenos.
  1737 | D:3      | Slain by dolapius's ghost

Vault maps used:
D:1:      tarquinn_simple_flora_water_e
D:2:      gammafunk_temple_overflow_claw, grunt_ministairs_9,
          serial_park_tiny_1, grunt_dithmenos_smoke_and_mirrors
D:3:      lemuel_doored_altar, overflow_temple_1_default,
          grunt_temple_overflow_open, portal_sewer_entry_e, saegor_snake_ambush,
          uniq_crazy_yiuf_cottage
D:4:      first_bread, kennysheep_generic_room_7, uniq_menkaure

Skill      XL: |  1  2  3 |
---------------+----------+-----
Stealth        | 3 |  3.0
Dodging        | 3 |  3.0
Spellcasting   | 4 |  4.2
Conjurations   | 5 |  5.1

Action                   || total
-------------------------++-------
Melee: Dagger            ||    21
 Cast: Magic Dart        ||    89
       Searing Ray       ||     2
  Use: Scroll            ||     7
       Potion            ||     4
  Eat: Chunk             ||     2
Armor: Robe              ||     4
Dodge: Dodged            ||    29

Table legend:
 A = Spawn XP
 B = Non-spawn XP
 C = Spawn XP percentage of total XP
 D = Spawn monster count
 E = Non-spawn monster count
 F = Spawn count percentage of total count
 G = Total turns spent on level
                    A         B        C        D         E        F      G
               +---------+---------+-------+---------+---------+-------+---------
         Total |       0 |      95 |   0.0 |       0 |      45 |   0.0 |  1737
               +---------+---------+-------+---------+---------+-------+---------
           D:1 |       0 |      30 |   0.0 |       0 |      21 |   0.0 |   810
           D:2 |       0 |      38 |   0.0 |       0 |      11 |   0.0 |   516
           D:3 |       0 |      16 |   0.0 |       0 |       9 |   0.0 |   355
           D:4 |       0 |      11 |   0.0 |       0 |       4 |   0.0 |    56
               +---------+---------+-------+---------+---------+-------+---------
